cohdb
Replays
Latest Replays
All Replays
Popular Replays
Top Player Replays
Match Explorer
How It Works
Community
CoH3 Stats
Reddit
Sign in to upload your games and track your stats! →
Sign in with Steam
Match 42597928
Unlisted
Match 42597928
Overview
Messages
Build Orders
End
Construct Infanterie Kompanie
MG 42 Machine Gun Team
MG 42 Machine Gun Team
Selects Terror Battlegroup
Selects Machine Gun Camouflage
Grenadier Squad
Kettenkrad Recon Vehicle
Construct Panzergrenadier Kompanie
251 Medium Carrier
Panzergrenadier Squad
Pak 40 Anti-tank Gun Team
Construct Luftwaffe Kompanie
Support Elements
Jäger Squad
Marder III M Tank Destroyer
Selects Contempt for the Weak
Selects No Quarter
Wirbelwind Flakpanzer
StuG III G Assault Gun
Selects King Tiger Heavy Tank
King Tiger Heavy Tank
251 Medium Carrier
Panzergrenadier Squad
251 Medium Carrier
Vevlex
Romulus
Tuqiu
Bran
DrewP
Dillbro
0
0
Comments
sign in to comment!
No comments posted yet!